 Dungeon Crawl Stone Soup version 0.30.0-30-g96aa6591b8 (webtiles) character file.

Game seed: 11564781888684174232

2055 Ayven the Skirmisher (level 9, 0/68 HPs)
             Began as a Minotaur Hunter on June 29, 2023.
             Was an Initiate of Ru.
             Slain by a shadow (24 damage)
             ... on level 6 of the Dungeon.
             The game lasted 00:57:24 (5446 turns).

Ayven the Skirmisher (Minotaur Hunter)              Turns: 5446, Time: 00:57:25

Health: 0/68       AC:  6    Str: 17    XL:     9   Next: 5%
Magic:  8/8        EV: 16    Int:  6    God:    Ru [......]
Gold:   225        SH:  0    Dex: 17    Spells: 8/8 levels left

rFire   + + .        i - +0 longbow
rCold   . . .        (shield currently unavailable)
rNeg    . . .        k - +1 robe {Will+}
rPois   .            (helmet restricted)
rElec   .            m - +2 cloak
rCorr   .            (no gloves)
SInv    .            (no boots)
Will    +....        o - amulet of the acrobat
Stlth   ++           d - ring of protection from fire
HPRegen 0.31/turn    p - ring of protection from fire
MPRegen 0.11/turn

%: acrobat
@: no status effects
A: horns 2, retaliatory headbutt
a: Renounce Religion, Sacrifice Health, Sacrifice Drink, Sacrifice Durability,
Reject Sacrifices


You were on level 6 of the Dungeon.
You worshipped Ru.
Ru was noncommittal.
You visited 1 branch of the dungeon, and saw 6 of its levels.

You collected 400 gold pieces.
You spent 175 gold pieces at shops.

Inventory:

Hand Weapons
 a - a +0 club
 e - a +2 dagger of draining
 i - a +0 longbow (weapon)
Armour
 c - a +1 leather armour
 k - a +1 robe of willpower (worn)
 m - a +2 cloak (worn)
Jewellery
 d - a ring of protection from fire (left hand)
 f - a ring of resist corrosion
 o - an amulet of the acrobat (around neck)
 p - a ring of protection from fire (right hand)
 r - a ring of willpower
Wands
 h - a wand of roots (13)
Scrolls
 b - 3 scrolls of immolation
 n - a scroll of amnesia
Potions
 g - a potion of heal wounds
 j - a potion of brilliance
 q - a potion of magic {unknown}
 s - a potion of cancellation {unknown}
 t - a potion of flight


   Skills:
 - Level 2.7 Fighting
 + Level 11.4 Ranged Weapons
 * Level 7.6 Dodging
 - Level 0.7 Stealth
 - Level 1.1 Evocations


You had 8 spell levels left.
You didn't know any spells.
Your spell library contained the following spells:

 Spells                   Type           Power      Damage    Failure   Level
 Sublimation of Blood     Necr           0%         N/A       58%         2
 Summon Guardian Golem    Hex/Summ       0%         N/A       83%         3
 Manifold Assault         Tloc           0%         N/A       99%         4
 Petrify                  Tmut/Erth      0%         N/A       99%         4
 Irradiate                Conj/Tmut      0%         3d11      100%        5
 Dispersal                Tloc           0%         N/A       100%        6
 Orb of Destruction       Conj           0%         9d5       100%        7
 Spellforged Servitor     Conj/Summ      0%         N/A       100%        7
 Disjunction              Tloc           0%         N/A       100%        8


Dungeon Overview and Level Annotations

Branches:
Dungeon (6/15)
 Temple: D:4-7

Altars:
Gozag
Makhleb
Ru
Trog
Vehumet
Wu Jian
The Shining One

Shops:
D:3 ?(:   D:6 ?

Annotations:
D:5 2 transporters, Mefist's ghost, novice DEFE


Innate Abilities, Weirdness & Mutations

You have a pair of horns on your head.
You reflexively headbutt those who attack you in melee.


Message History

Press: ? - help, Q - select action, (/) - cycle Shift-Dir - straight line You shoot an arrow.
The shadow strikes at you from the darkness!
Reactivating autopickup.
You shoot an arrow. The arrow barely misses the shadow.
The shadow hits you!
You shoot an arrow.
The arrow hits the shadow but does no damage.
The shadow is severely damaged.
The shadow closely misses you.
Fire: i) +0 longbow
Press: ? - help, Q - select action, (/) - cycle Shift-Dir - straight line, p - shadow You shoot an arrow.
The arrow hits the shadow.
The shadow is almost destroyed.
The shadow slips into darkness.
The shadow flickers and vanishes!
Deactivating autopickup; reactivate with Ctrl-A.
You shoot an arrow.
The shadow strikes at you from the darkness!
Reactivating autopickup.
You shoot an arrow. The arrow barely misses the shadow.
The shadow hits you!
* * * LOW HITPOINT WARNING * * *
You feel better. The shadow hits you.
You feel better.
The shadow slips into darkness.
The shadow flickers and vanishes!
Deactivating autopickup; reactivate with Ctrl-A.
You shoot an arrow.
The shadow strikes at you from the darkness!
Reactivating autopickup.
You shoot an arrow. The arrow hits the shadow.
The shadow is almost destroyed.
The shadow hits you.
You shoot an arrow. The arrow hits the shadow.
The shadow is almost destroyed.
The shadow slips into darkness.
The shadow flickers and vanishes!
Deactivating autopickup; reactivate with Ctrl-A.
You shoot an arrow.
The shadow strikes at you from the darkness!
You die...

...#.###+#'#'#### #...........##
...#.# #.#<#.#######.............
.....# #.###.......#.....#....###
.....# #.#.'.............#...†###
.....# #.#.#.............#.......
.....# #.#.#.............#......#
.....###'#'#g............#.....#.
...............#'##......#....###
...............#@###.....#.....#.
...............#{# #.....#......#
...(...........#)# #######.......
.....#####'#####)# #.......
......## #.#####.# #......#
....#..###.##....#### #......#
....#...........)...# #......#
#.....#.†#>##.......# #......#
##...##...###.†.....# ########


There were no monsters in sight!

Vanquished Creatures
  Pikel (D:5)
  A manticore (D:6)
  Edmund (D:6)
  An ice beast (D:5)
  An ogre (D:6)
  2 bullfrogs (D:6)
  3 scorpions
  A howler monkey (D:6)
  2 hounds (D:6)
  2 gnoll boudas
  A sleepcap (D:4)
  2 orc priests (D:3)
  An iguana (D:4)
  2 orc wizards (D:3)
  Natasha (thrice) (D:2)
  7 gnolls
  9 adders
  3 white imps
  2 dart slugs
  15 orcs
  4 ball pythons
  5 endoplasms
  6 giant cockroaches
  10 goblins
  4 hobgoblins
  4 jackals (D:3)
  4 quokkas
  2 bats
  2 frilled lizards (D:2)
  4 kobolds
  9 rats
114 creatures vanquished.

Notes
Turn   | Place    | Note
-------+----------+-------------------------------------------
     0 | D:1      | Ayven the Minotaur Hunter began the quest for the Orb.
     0 | D:1      | Reached XP level 1. HP: 18/18 MP: 0/0
   350 | D:1      | Reached XP level 2. HP: 25/25 MP: 1/1
   503 | D:1      | Reached skill level 5 in Ranged Weapons
   684 | D:1      | Gained mutation: You occasionally lose the ability to read
                  | scrolls when taking damage. [potion of mutation]
   684 | D:1      | Gained mutation: Your flesh is heat resistant. (rF+)
                  | [potion of mutation]
  1094 | D:2      | Reached XP level 3. HP: 3/28 MP: 2/2
  1096 | D:2      | HP: 2/42 [poisoned by an adder]
  1097 | D:2      | Lost mutation: Your flesh is heat resistant. (rF+) [potion
                  | of mutation]
  1097 | D:2      | Lost mutation: You occasionally lose the ability to read
                  | scrolls when taking damage. [potion of mutation]
  1097 | D:2      | Gained mutation: You are weak. (Str -2) [potion of
                  | mutation]
  1097 | D:2      | Lost mutation: You are weak. (Str -2) [potion of mutation]
  1382 | D:2      | Noticed Natasha
  1655 | D:2      | Killed Natasha
  1656 | D:2      | Reached XP level 4. HP: 28/37 MP: 3/3
  1702 | D:2      | Noticed Natasha
  1715 | D:2      | Killed Natasha
  1861 | D:2      | Noticed Natasha
  1883 | D:2      | Killed Natasha
  1884 | D:2      | Reached skill level 5 in Dodging
  1967 | D:4      | Reached XP level 5. HP: 42/42 MP: 4/4
  2126 | D:4      | Found a glowing drain.
  2645 | D:4      | Reached skill level 6 in Ranged Weapons
  2645 | D:4      | Reached XP level 6. HP: 50/50 MP: 5/5
  2765 | D:4      | Found a radiant altar of Vehumet.
  2770 | D:4      | Found a bloodstained altar of Trog.
  2770 | D:4      | Found a sacrificial altar of Ru.
  2784 | D:4      | Found an ornate altar of the Wu Jian Council.
  2784 | D:4      | Found an opulent altar of Gozag.
  2897 | D:3      | Found a faded altar of an unknown god.
  2907 | D:3      | Prayed at the altar of an unknown god.
  2907 | D:3      | Became a worshipper of Ru the Awakened
  3093 | D:3      | Found Kaissep's Magic Scroll Shop.
  3118 | D:3      | Found Quafutu's Antique Weapon Emporium.
  3165 | D:3      | Found Vaesuw's Book Emporium.
  3622 | D:3      | Found a glowing golden altar of the Shining One.
  3733 | D:3      | Bought a longbow for 175 gold pieces
  3901 | D:5      | Entered Level 5 of the Dungeon
  3901 | D:5      | Noticed an ice beast
  3904 | D:5      | Killed an ice beast
  3905 | D:5      | Reached skill level 7 in Ranged Weapons
  3905 | D:5      | Reached XP level 7. HP: 51/56 MP: 6/6
  4061 | D:5      | Noticed Pikel
  4091 | D:5      | Killed Pikel
  4092 | D:5      | Reached skill level 9 in Ranged Weapons
  4092 | D:5      | Reached XP level 8. HP: 40/62 MP: 7/7
  4222 | D:5      | Reached skill level 1 in Evocations
  4385 | D:5      | Found a transporter.
  4678 | D:5      | Found a transporter.
  4717 | D:5      | Noticed Mefist's ghost (novice DEFE)
  4810 | D:6      | Found a burning altar of Makhleb.
  4935 | D:6      | Found Iqidof's Magic Scroll Boutique.
  5065 | D:6      | Noticed Edmund
  5102 | D:6      | Killed Edmund
  5103 | D:6      | Reached skill level 10 in Ranged Weapons
  5234 | D:6      | Noticed a manticore
  5246 | D:6      | Killed a manticore
  5247 | D:6      | Reached skill level 11 in Ranged Weapons
  5257 | D:6      | Noticed a troll
  5362 | D:6      | Reached XP level 9. HP: 68/68 MP: 8/8
  5446 | D:6      | Slain by a shadow

Illustrated notes

Levels and vault maps discovered:
D:1:      dpeg_arrival_arbitrary_b, layout_loops_ring
D:2:      layout_loops_ring, uniq_natasha
D:3:      layout_basic, tso_altar, serial_shops, nicolae_shop_tiny_glass, shop,
          shop, basic_ecumenical_altar
D:4:      layout_cave_pools, minmay_overflow_temple_star_hex, serial_park,
          serial_park_paths [serial_park_minivault_5x5_5], serial_park_square3
          [serial_park_minivault_5x5_7], serial_park_tiny_2,
          portal_sewer_entry_a
D:5:      layout_gridville, gammafunk_ghost_gnarly_gnolls, uniq_pikel
D:6:      layout_basic, amcnicky_altar_gilded, serial_shops,
          nicolae_shop_advertising_works [nicolae_subvault_shop_adworks],
          kennysheep_nondescript, kb_rosetta, uniq_edmund

Skill      XL: |  1  2  3  4  5  6  7  8 |
---------------+-------------------------+-----
Ranged Weapons | 5 6 7 9 11 | 11.4
Dodging        | 3 4 5 6 7 |  7.6
Evocations     | 1 |  1.1
Fighting       | |  2.7
Stealth        | |  0.7

Action                     |  1- 3 |  4- 6 |  7- 9 || total
---------------------------+-------+-------+-------++-------
   Fire: Shortbow          |    87 |   301 |       ||   388
         Longbow           |       |     3 |   133 ||   136
  Evoke: Wand              |       |     6 |     1 ||     7
    Use: Potion            |     8 |     3 |     5 ||    16
         Scroll            |     3 |     5 |     5 ||    13
 Armour: Leather armour    |    10 |    15 |     5 ||    30
         Robe              |       |       |     6 ||     6
  Dodge: Dodged            |    19 |    59 |    83 ||   161
